cohdb
Replays
Latest Replays
All Replays
Popular Replays
Top Player Replays
Match Explorer
How It Works
Community
CoH3 Stats
Reddit
Sign in to upload your games and track your stats! →
Sign in with Steam
Match 45788321
Unlisted
Match 45788321
Overview
Messages
Build Orders
End
Construct Infanterie Kompanie
Selects Terror Battlegroup
Grenadier Squad
MG 42 Machine Gun Team
Grenadier Squad
Selects Heavy Gunnery
Sniper
Construct Luftwaffe Kompanie
221 Scout Car
Jäger Squad
Luftwaffe Officer Quarters
Jäger Squad
Support Elements
Selects Defend the Fatherland
Wirbelwind Flakpanzer
Pioneer Squad
Jäger Squad
Wirbelwind Flakpanzer
Flak 30 Anti-aircraft Gun Team
Medical Bunker
Jäger Squad
Pioneer Squad
Pioneer Squad
Bobr
Callsign: "Clowndog Zulu"
Clowndog Kilo Papa 'Kpen'
DebaKLeTV
:
ElakeFisk
nogadaman
ö开挂死一户口本
0
0
Comments
sign in to comment!
No comments posted yet!